 Dungeon Crawl Stone Soup version 0.31-a0-257-gf185e81 (webtiles) character file.

Game seed: 7509032443835068110

2551794 Wizard1ke the Shapeless Troll (level 27, 477/477 HPs)
             Began as a Troll Shapeshifter on July 13, 2023.
             Was the Champion of Trog.
             Escaped with the Orb
             ... and 4 runes!
             The game lasted 02:54:01 (60947 turns).

Wizard1ke the Shapeless Troll (Troll Shapeshifter) Turns: 60947, Time: 02:54:02

Health: 477/477    AC: 20    Str: 41    XL:     27
Magic:  22/22      EV: 36    Int:  4    God:    Trog [******]
Gold:   5364       SH:  0    Dex: 10    Spells: 26/26 levels left

rFire   + +          .
                       - Unarmed
rCold   + + .        (shield currently unavailable)
rNeg    + . .        a - melded +4 moon troll leather armour {Spirit, Regen++ MP+5}
rPois   ∞            A - melded +2 hat
rElec   +            I - melded scarf {repulsion}
rCorr   +            (gloves unavailable)
SInv    +            (boots unavailable)
Will    +++..        r - amulet "Lunnyeda" {Faith rF+ rC+ rN+ Slay+5} Stlth
                     R - ring of Gluttony {Drain rF+ rC+ SInv}
HPRegen 1.79/turn    u - ring "Cuihis" {Will+ rCorr}
MPRegen 0.18/turn

%: faith
@: berserking, storm-form, flying, studying 2 skills, very quick
A: cleaving, insubstantial, flying, large, unfitting armour, (claws 3),
regeneration 1, (shaggy fur 1), (tough skin 1), (talons 1), sense surroundings
1, (poison resistance)
0: Orb of Zot
}: 4/15 runes: barnacled, slimy, silver, gossamer
a: Blinkbolt, Begin Untransformation, Renounce Religion, Berserk, Trog's Hand,
Brothers in Arms


You escaped.
You worshipped Trog.
Trog was exalted by your worship.
You were a lightning-filled tempest!
You visited 12 branches of the dungeon, and saw 56 of its levels.
You visited 1 bazaar.
You also visited: Gauntlet and Desolation.

You collected 9076 gold pieces.
You spent 3712 gold pieces at shops.

Inventory:

Missiles
 t - 8 throwing nets
 L - 15 curare-tipped darts
Armour
 a - the +4 moon troll leather armour (melded) {Spirit, Regen++ MP+5}
   (You found it in a Gauntlet)

   MP:        It affects your magic capacity (+5).
   Regen:     It increases your rate of health regeneration.
 A - a +2 hat (melded)
 I - a scarf of repulsion (melded)
Jewellery
 c - the ring of Xeiketaowk {rC- Will+ rCorr Int+4 SInv}
   (You found it in a Gauntlet)

   [ring of see invisible]

   Int:       It affects your intelligence (+4).
   rC:        It makes you vulnerable to cold.
   SInv:      It lets you see invisible.
   rCorr:     It protects you from acid and corrosion.
   Will:      It increases your willpower.
 r - the amulet "Lunnyeda" (around neck) {Faith rF+ rC+ rN+ Slay+5}
   (You bought it in a shop in a bazaar)

   [amulet of faith]

   It allows you to gain divine favour quickly.
   Slay:      It affects your accuracy & damage with ranged weapons and melee
   (+5).
   rF:        It protects you from fire.
   rC:        It protects you from cold.
   rN:        It protects you from negative energy.
 u - the ring "Cuihis" (right fist) {Will+ rCorr}
   (You found it on level 5 of the Pits of Slime)

   [ring of willpower]

   rCorr:     It protects you from acid and corrosion.
   Will:      It increases your willpower.
 O - a ring of protection from cold
 R - the ring of Gluttony (left fist) {Drain rF+ rC+ SInv}
   (You took it off a yaktaur captain on level 5 of the Vaults)

   [ring of protection from fire]

   rF:        It protects you from fire.
   rC:        It protects you from cold.
   SInv:      It lets you see invisible.
   Drain:     It drains your maximum health when unequipped.
 S - a ring of willpower
Talismans
 m - a talisman of death
 n - a storm talisman
 D - a dragon-blood talisman
Wands
 j - a wand of flame (93)
 y - a wand of paralysis (53)
 z - a wand of iceblast (46)
 G - a wand of polymorph (24)
 P - a wand of mindburst (63)
 U - a wand of digging (32)
 Y - a wand of acid (33)
Scrolls
 f - 18 scrolls of teleportation
 g - 7 scrolls of fear
 o - 9 scrolls of vulnerability
 q - 6 scrolls of enchant weapon
 s - 2 scrolls of summoning
 x - 12 scrolls of blinking
 H - 4 scrolls of torment
 K - 11 scrolls of immolation
 M - 3 scrolls of poison
 N - 9 scrolls of fog
 Q - 4 scrolls of enchant armour
 W - 4 scrolls of revelation
 X - 7 scrolls of silence {!r}
Potions
 b - 13 potions of lignification
 d - 8 potions of invisibility
 e - 10 potions of might
 h - 14 potions of ambrosia
 k - 8 potions of attraction
 v - 2 potions of magic
 w - a potion of cancellation
 B - 5 potions of heal wounds
 E - a potion of haste
 F - 9 potions of enlightenment
 J - 19 potions of curing
 T - 5 potions of mutation
 V - 6 potions of resistance
 Z - a potion of berserk rage {!q}
Miscellaneous
 i - a phial of floods
 l - a lightning rod (4/4)
 p - a box of beasts
 C - a phantom mirror


   Skills:
 + Level 26.2 Fighting
 - Level 1.5 Dodging
 + Level 26.3 Unarmed Combat
 - Level 4.0 Evocations
 O Level 27 Shapeshifting


You had 26 spell levels left.
You didn't know any spells.
Your spell library contained the following spells:

 Spells                   Type           Power      Damage    Failure   Level
 Foxfire                  Conj/Fire      0%         2x1d4     50%         1
 Kiss of Death            Conj/Necr      0%         2d5       50%         1
 Magic Dart               Conj           0%         1d3       50%         1
 Sandblast                Erth           0%         2d4       50%         1
 Scorch                   Fire           0%         2d5       65%         2
 Searing Ray              Conj           0%         2d4       65%         2
 Static Discharge         Conj/Air       0%         2-2/arc   65%         2
 Wereblood                Tmut           0%         N/A       65%         2
 Confusing Touch          Hex            0%         N/A       86%         3
 Volatile Blastmotes      Fire/Tloc      0%         2d10      86%         3
 Airstrike                Air            0%         2d(0-16)  99%         4
 Dispel Undead            Necr           0%         3d6       99%         4
 Fulminant Prism          Conj/Hex       0%         3d5       99%         4
 Leda's Liquefaction      Hex/Erth       0%         N/A       99%         4
 Petrify                  Tmut/Erth      0%         N/A       99%         4
 Summon Lightning Spire   Summ/Air       0%         N/A       99%         4
 Arcjolt                  Conj/Air       0%         1d10      100%        5
 Freezing Cloud           Conj/Ice/Air   0%         6-21      100%        5
 Summon Forest            Summ/Tloc      0%         N/A       100%        5
 Plasma Beam              Fire/Air       0%         2x1d10    100%        6
 Starburst                Conj/Fire      0%         6d3       100%        6
 Malign Gateway           Summ/Tloc      0%         N/A       100%        7
 Summon Hydra             Summ           0%         N/A       100%        7
 Ignition                 Fire           0%         3d3       100%        8
 Lehudib's Crystal Spear  Conj/Erth      0%         10d2      100%        8
 Summon Horrible Things   Summ           0%         N/A       100%        8
 Chain Lightning          Conj/Air       0%         N/A       100%        9
 Sublimation of Blood     Necr           Unusable   N/A       N/A         2

Dungeon Overview and Level Annotations

Branches:
Dungeon (15/15)            Temple (1/1) D:5            Lair (5/5) D:11
 Shoals (4/4) Lair:3       Spider (4/4) Lair:3        Slime (5/5) Lair:5
    Orc (2/2) D:12            Elf (3/3) Orc:2        Vaults (5/5) D:14
  Crypt (3/3) Vaults:3       Tomb (0/3) Crypt:3      Depths (4/4) D:15
    Zot (5/5) Depths:4    Desolation (visited)      Gauntlet (visited)

Altars:
Ashenzari
Cheibriados
Dithmenos
Elyvilon
Fedhas
Gozag
Hepliaklqana
Kikubaaqudgha
Makhleb
Nemelex Xobeh
Okawaru
Qazlal
Ru
Sif Muna
Trog
Uskayaw
Vehumet
Wu Jian
Xom
Yredelemnul
Zin
The Shining One

Shops:
D:4 *?   D:10 *   Orc:1 :*[   Orc:2 *:**   Elf:2 [   Elf:3 :(*(   Shoals:1 [
Vaults:5 =

Portals:
Hell: Depths:1 Depths:2 Depths:3 Depths:4
Abyss: Zot:4 Depths:3
Pandemonium: Depths:2 Depths:4
Ziggurat: Depths:3

Annotations:
Lair:1 exclusion: oklob plant
Elf:2 2 runed translucent doors
Vaults:5 !vaults warning
Zot:4 2 transporters, Cigeacw's ghost, veteran MiFi


Innate Abilities, Weirdness & Mutations

You are a lightning-filled tempest!
Your electrical attacks strike out in all directions at once.
You are incredibly evasive.
Your insubstantial body is immune to petrification, constriction, and being set on fire You are flying.
Your armour is entirely melded.
You are incapable of wielding weapons or throwing items.
You are too large for most types of armour.
You are immune to poison.
((You have claws for hands.))
Your natural rate of healing is unusually fast.
((You are covered in fur. (AC +1)))
((You have tough skin. (AC +1)))
((You have sharp toenails.))
You passively map a small area around you.
((Your system is resistant to poisons. (rPois)))


Message History

Where to? (Enter - D:1 @ (x,y), ? - help)
A shadow demon comes into view.
The shadow demon croaks.
You hit the shadow demon. You punch the shadow demon!!
The shadow demon is severely wounded.
You blast the shadow demon!!!!!
Lightning courses through the shadow demon!
You kill the shadow demon!
Trog accepts your kill.
(D) Dungeon (T) Temple (L) Lair (A) Shoals (N) Spider Nest (M) Slime Pits (O) Orcish Mines (E) Elven Halls (V) Vaults (C) Crypt (W) Tomb (U) Depths (H) Hell (Z) Zot
Where to? (Enter - D:1 @ (x,y), ? - help)
You see here a +0 club.
There is a stone staircase leading up here.
You fly upwards.
There is a stone staircase leading down here.
An Orb Guardian comes into view.
The Orb Guardian hits you.
The Orb Guardian hits you but does no damage.
You barely miss the Orb Guardian. Your punch misses the Orb Guardian.
You blast the Orb Guardian!!!!!
Lightning courses through the Orb Guardian!!
You kill the Orb Guardian!
Trog accepts your kill.
No target in view!
(D) Dungeon (T) Temple (L) Lair (A) Shoals (N) Spider Nest (M) Slime Pits (O) Orcish Mines (E) Elven Halls (V) Vaults (C) Crypt (W) Tomb (U) Depths (H) Hell (Z) Zot
Where to? (Enter - D:1 @ (x,y), ? - help)
There is a stone staircase leading up here.
You fly upwards.
There is a stone staircase leading down here.
There is a staircase leading out of the dungeon here.
A red film seems to cover your vision as you go berserk!
You feel yourself moving faster!
You feel mighty!
You feel a strong urge to attack something.
You have escaped!

#..###....####..## ##.......##
.............#...####.........###
........####........+.......>.'..
...###.## ##....####.........###
#...##.# #...######.......##
#......## ##......####.....##
..≈≈≈≈..####..≈≈≈≈..# ##...##
.≈≈≈≈§≈§.....≈.≈≈≈≈.# ##'##
.≈≈≈§≈≈§.....≈≈>v≈≈.#####.#
.≈≈≈§≈§......≈≈≈≈≈≈....##.#
..§≈≈§...#....≈≈≈≈..##.##.##
..§.§§..##.........###.#...##
.#..#######..###.#####......#####
.##.# ##.###.##..............
....# #........##.##.#######
.#### #####.#####.##.# .#
#.).....##.#


There were no monsters in sight!

Vanquished Creatures
  the Royal Jelly (Slime:5)
  4 dread liches
  Khufu (Crypt:3)
  A pandemonium lord (Zot:5)
  6 ancient liches
  Mara (Spider:4)
  3 orbs of fire (Zot:5)
  2 juggernauts
  Sojobo (Vaults:5)
  Frederick (Vaults:5)
  3 Killer Klowns
  Bai Suzhen (Depths:1)
  4 curse toes
  2 caustic shrikes (Depths:3)
  Jory (Vaults:1)
  8 golden dragons
  Arachne (Spider:4)
  A pearl dragon (Depths:1)
  A profane servitor (Crypt:3)
  A bone dragon (Crypt:3)
  A Brimstone Fiend (Zot:1)
  2 doom hounds (Crypt:2)
  A Tzitzimitl (Zot:2)
  Mlioglotl (Spider:4)
  A shard shrike zombie (Crypt:2)
  21 tentacled monstrosities
  8 electric golems
  30 Orb Guardians
  An Ice Fiend (D:7)
  Asterion (Spider:1)
  2 titans (Vaults:5)
  Grunn (Crypt:2)
  3 deep elf master archers (Elf:3)
  7 liches
  2 deep elf blademasters (Elf:3)
  7 quicksilver dragons
  2 walking frostbound tomes (Depths:3)
  17 acid blobs
  A walking divine tome (Depths:3)
  3 ancient champions
  Aizul (Vaults:1)
  An Executioner (D:11)
  3 sphinxes
  8 death cobs
  8 shadow dragons
  Polyphemus (Shoals:1)
  Roxanne (Spider:1)
  8 storm dragons
  A revenant (Crypt:3)
  10 tengu reavers
  Ilsuiw (Shoals:2)
  Donald (Spider:4)
  12 draconian knights
  9 fire giants
  7 azure jellies (Slime:5)
  7 deep elf sorcerers
  2 balrugs
  2 imperial myrmidons (Desolation)
  6 draconian monks
  11 rockslimes
  4 frost giants
  23 vault wardens
  5 emperor scorpions
  7 draconian shifters
  5 iron dragons
  13 ghost moths
  4 draconian scorchers
  5 ghouls
  2 cacodemons
  3 draconian stormcallers
  An orc warlord (Orc:1)
  5 deep elf elementalists (Elf:3)
  7 draconian annihilators
  22 ironbound preservers
  2 spriggan defenders (Depths:2)
  3 formless jellyfish
  A war gargoyle (Vaults:5)
  11 quicksilver oozes
  3 broodmothers
  A caustic shrike skeleton (Crypt:1)
  36 very ugly things
  2 reapers
  An ophan (Depths:1)
  4 ironbound thunderhulks
  15 stone giants
  5 vampire knights
  An apis (Depths:1)
  5 deep elf demonologists
  2 halazid warlocks (Desolation)
  11 yellow draconians
  8 deep elf annihilators (Elf:3)
  10 black draconians
  7 green draconians
  A minotaur (Gauntlet)
  Azrael (Spider:1)
  8 purple draconians
  3 spark wasps
  3 dire elephants (Vaults:2)
  11 white draconians
  11 red draconians
  An ettin (shapeshifter) (Vaults:5)
  An eidolon (Crypt:2)
  2 mummy priests (Crypt:3)
  6 ettins
  An acid blob zombie (Crypt:1)
  10 fire dragons
  Josephine (Spider:1)
  9 deep elf death magi
  A blizzard demon (Depths:1)
  3 crystal guardians
  3 ragged hierophants (Desolation)
  4 merfolk javelineers
  7 great orbs of eyes
  19 jiangshi
  4 merfolk impalers
  An elf zombie (Crypt:3)
  2 entropy weavers
  9 ice dragons
  7 deep elf high priests
  19 vault guards
  2 hydras (Lair:3)
  2 rakshasas
  14 yaktaur captains
  3 servants of whispers (Desolation)
  A fenstrider witch zombie (Crypt:2)
  2 ogre magi
  An anaconda (Lair:5)
  A hell beast (Depths:1)
  5 death knights
  3 spriggan air magi
  2 jorogumos (Spider:3)
  13 peacekeepers
  4 radroaches
  A catoblepas (Shoals:2)
  A two-headed ogre (shapeshifter) (Vaults:5)
  16 centaur warriors
  2 merfolk avatars
  8 boulder beetles
  18 dancing weapons
  3 satyrs
  12 ironbound frosthearts
  3 merfolk aquamancers
  An alligator snapping turtle (Shoals:4)
  A death scarab (Spider:4)
  3 vampire magi
  2 deep troll shamans (Depths:4)
  15 two-headed ogres
  12 demonic crawlers
  9 death yaks
  13 tengu warriors
  An azure jelly zombie (Crypt:2)
  An orc high priest (Orc:2)
  4 deep troll earth magi
  3 spriggan berserkers
  A soul eater (Zot:5)
  15 deep elf knights
  3 shadow wraiths (Crypt:3)
  6 skysharks
  Sonja (D:10)
  7 hell knights
  A skyshark (shapeshifter) (Vaults:4)
  An iron troll (Depths:4)
  31 skeletal warriors
  3 sixfirhies
  6 pharaoh ants
  2 shadow demons
  4 sea snakes
  4 sun moths
  Lodul (D:10)
  71 deep trolls
  3 flayed ghosts
  A bog body (Crypt:2)
  6 phantasmal warriors
  Pikel (D:4)
  A swamp dragon (Lair:5)
  6 deep elf archers
  11 orb spiders
  10 orc knights
  2 lindwurms (Vaults:2)
  22 ironbound convokers
  9 harpies
  A mana viper (shapeshifter) (Elf:2)
  19 deep elf zephyrmancers
  6 steelbarb worms
  2 glowing orange brains
  4 shining eyes
  9 wizards
  22 deep elf pyromancers
  23 wolf spiders
  A faun (shapeshifter) (D:15)
  7 necromancers
  48 ugly things
  13 fauns
  3 cyclopes
  2 orc sorcerers
  11 merfolk sirens
  2 salamanders (Depths:2)
  9 elephants
  A cyclops (shapeshifter) (Vaults:5)
  A fire giant zombie (Crypt:2)
  5 black mambas
  A dire elephant zombie (Crypt:1)
  11 manticores
  3 orange demons
  7 water nymphs
  31 moths of wrath
  16 vault sentinels
  6 torpor snails
  8 cane toads
  An apocalypse crab (Gauntlet)
  A molten gargoyle (Desolation)
  A green draconian zombie (Crypt:2)
  5 guardian serpents (Desolation)
  A white draconian zombie (Crypt:2)
  5 unseen horrors
  2 gargoyles (D:13)
  A minotaur zombie (Gauntlet)
  3 rime drakes
  6 komodo dragons
  Psyche (D:11)
  An efreet (D:15)
  A yaktaur (shapeshifter) (Depths:1)
  2 kobold demonologists
  39 yaktaurs
  A swamp worm zombie (Crypt:2)
  5 tengu conjurers
  2 spectral harpies (Crypt:3)
  A queen bee (Spider:1)
  7 guardian mummies (Crypt:3)
  12 freezing wraiths
  10 trolls
  2 wind drakes
  10 polar bears
  17 meliai
  31 merfolk
  6 snapping turtles
  Grinder (D:3)
  6 hornets
  46 saltlings
  A tarantella (shapeshifter) (Elf:3)
  19 tarantellas
  3 raiju (Lair:5)
  15 blink frogs
  Sigmund (D:2)
  A dream sheep (shapeshifter) (Vaults:5)
  A human simulacrum (Vaults:3)
  105 slime creatures
  26 jumping spiders
  67 flying skulls
  A black mamba zombie (Crypt:1)
  11 shadows
  22 culicivoras
  4 air elementals
  8 wraiths
  A yak (shapeshifter) (D:14)
  3 vampires
  6 spriggans
  6 wyverns
  15 water elementals
  8 fire elementals
  A wyvern (shapeshifter) (D:14)
  44 yaks
  5 vampire mosquitoes
  71 redbacks
  3 basilisks
  20 humans
  A steam dragon (D:8)
  8 hydra simulacra (Depths:2)
  8 wargs
  17 hell hounds
  4 acid dragons
  14 water moccasins
  A two-headed ogre skeleton (Crypt:1)
  Duvessa (D:5)
  12 black bears
  50 orc warriors
  2 sky beasts (D:5)
  2 swamp drakes (Lair:5)
  2 ice beasts
  A cane toad skeleton (Crypt:2)
  A tengu (shapeshifter) (Vaults:5)
  31 wolves
  15 ogres
  29 centaurs
  A manticore skeleton (Crypt:2)
  A phantom (D:6)
  20 bullfrogs
  5 kobold brigands
  An earth elemental (Elf:3)
  A scorpion (D:11)
  3 gnoll sergeants
  4 necrophages (Crypt:3)
  2 water moccasin zombies (D:5)
  4 small abominations (Crypt:3)
  15 wights
  Dowan (D:5)
  32 killer bees
  3 howler monkeys
  An electric eel (Lair:2)
  A bullfrog zombie (Crypt:1)
  28 orc priests
  A hound (D:5)
  A basilisk skeleton (Crypt:1)
  A gnoll bouda (D:4)
  3 iguanas
  2 sleepcaps
  5 hell rats (Lair:2)
  28 orc wizards
  A scorpion zombie (D:5)
  A killer bee zombie (Crypt:1)
  An ice beast zombie (Crypt:2)
  2 hound zombies (D:5)
  A howler monkey zombie (D:5)
  Robin (D:2)
  16 gnolls
  4 adders
  A steam dragon skeleton (Crypt:1)
  A shadow imp (D:7)
  3 white imps
  An ufetubus (D:6)
  A worm (D:14)
  5 dart slugs
  90 orcs
  7 endoplasms
  2 giant cockroaches
  8 hobgoblins
  2 jackals (D:3)
  3 quokkas
  5 ball pythons
  7 bats
  8 frilled lizards
  14 goblins
  25 kobolds
  3 rats
  A rat zombie (Crypt:1)
  A river rat skeleton (Crypt:1)
2594 creatures vanquished.

Vanquished Creatures (collateral kills)
  A tengu reaver (Vaults:5)
  A storm dragon (Vaults:5)
  A vault warden (Vaults:5)
  An ironbound preserver (Vaults:5)
  10 vault guards (Vaults:5)
  A deep troll earth mage (Vaults:5)
  2 phantasmal warriors (Vaults:5)
  A vault sentinel (Vaults:5)
  A freezing wraith (Vaults:5)
  A yaktaur (Vaults:5)
20 creatures vanquished.

Vanquished Creatures (others)
  A draconian stormcaller (Zot:2)
  A deep elf zephyrmancer (Elf:2)
  A jumping spider (Spider:1)
3 creatures vanquished.

Grand Total: 2617 creatures vanquished

Notes
Turn   | Place    | Note
-------+----------+-------------------------------------------
     0 | D:1      | Wizard1ke the Troll Shapeshifter began the quest for the
                  | Orb.
     0 | D:1      | Reached XP level 1. HP: 19/19 MP: 0/0
   148 | D:1      | Reached XP level 2. HP: 28/28 MP: 1/1
   907 | D:2      | Reached XP level 3. HP: 35/35 MP: 2/2
   920 | D:2      | You fall into a shaft and drop 1 floor!
  1423 | D:2      | Noticed Sigmund
  1433 | D:2      | Killed Sigmund
  1434 | D:2      | Reached skill level 4 in Shapeshifting
  1434 | D:2      | Reached XP level 4. HP: 35/45 MP: 3/3
  1434 | D:2      | Reached XP level 5. HP: 41/53 MP: 4/4
  1821 | D:3      | Found a shadowy altar of Dithmenos.
  1850 | D:3      | Reached XP level 6. HP: 58/61 MP: 5/5
  1903 | D:3      | Noticed Robin
  1911 | D:2      | Killed Robin
  1984 | D:3      | Found a hide-covered altar of Uskayaw.
  2085 | D:3      | Noticed Grinder
  2322 | D:3      | Killed Grinder
  2323 | D:3      | Reached XP level 7. HP: 28/68 MP: 6/6
  2482 | D:3      | Found a faded altar of an unknown god.
  2482 | D:3      | Found a faded altar of an unknown god.
  2580 | D:4      | Noticed Pikel
  2668 | D:4      | Killed Pikel
  2669 | D:4      | Reached skill level 5 in Unarmed Combat
  2669 | D:4      | Reached skill level 5 in Shapeshifting
  2669 | D:4      | Reached XP level 8. HP: 40/79 MP: 7/7
  2777 | D:4      | Found an ornate altar of the Wu Jian Council.
  2820 | D:4      | Found Vizxynkokh's Magic Scroll Shoppe.
  2824 | D:4      | Found Cuishroch's General Store.
  2832 | D:4      | Bought a potion of heal wounds for 70 gold pieces
  2832 | D:4      | Bought a scroll of identify for 28 gold pieces
  2869 | D:4      | Found a white marble altar of Elyvilon.
  3024 | D:4      | Found a burning altar of Makhleb.
  3165 | D:5      | Entered Level 5 of the Dungeon
  3348 | D:5      | Reached skill level 5 in Fighting
  3549 | D:5      | Found a staircase to the Ecumenical Temple.
  3567 | Temple   | Entered the Ecumenical Temple
  3691 | Temple   | Became a worshipper of Trog the Wrathful
  3745 | D:5      | Reached skill level 6 in Shapeshifting
  3885 | D:5      | Noticed Duvessa
  3893 | D:5      | Killed Duvessa
  3895 | D:5      | Noticed Dowan
  3901 | D:5      | Killed Dowan
  3979 | D:5      | Found a basalt altar of Yredelemnul.
  4092 | D:6      | Identified the +2 dagger "Arghuzakk" {flame, Int+4 Dex+5
                  | SInv}
  4182 | D:6      | Reached XP level 9. HP: 75/89 MP: 8/8
  4221 | D:6      | Reached * piety under Trog
  4567 | D:6      | Reached skill level 7 in Shapeshifting
  4788 | D:7      | Found an opulent altar of Gozag.
  5360 | D:8      | Reached skill level 8 in Shapeshifting
  5360 | D:8      | Reached XP level 10. HP: 80/102 MP: 9/9
  5428 | D:8      | Reached ** piety under Trog
  5774 | D:8      | Noticed an angel
  5777 | D:8      | Found a shimmering blue altar of Sif Muna.
  5778 | D:8      | Found a shimmering altar of Xom.
  5778 | D:8      | Found a glowing silver altar of Zin.
  5929 | D:9      | Found an ancient bone altar of Kikubaaqudgha.
  5961 | D:9      | Found an iron altar of Okawaru.
  5974 | D:9      | Reached skill level 9 in Shapeshifting
  6462 | D:9      | Noticed a two-headed ogre
  6624 | D:9      | Found the sphere of Battle
  6735 | D:9      | Killed a two-headed ogre
  6795 | D:10     | Entered Level 10 of the Dungeon
  6872 | D:10     | Noticed Sonja
  6880 | D:10     | Killed Sonja
  6880 | D:10     | Reached *** piety under Trog
  6919 | D:10     | Noticed Lodul
  6927 | D:10     | Killed Lodul
  6928 | D:10     | Reached skill level 10 in Unarmed Combat
  6928 | D:10     | Reached XP level 11. HP: 63/113 MP: 10/10
  7350 | D:10     | Found a sparkling altar of Nemelex Xobeh.
  7436 | D:10     | Found a glowing golden altar of the Shining One.
  7515 | D:10     | Found Loeno's Assorted Antiques.
  7643 | D:4      | Bought a scroll of acquirement for 624 gold pieces
  7643 | D:4      | Bought a scroll of fear for 48 gold pieces
  7995 | D:11     | Found a staircase to the Lair.
  8031 | D:11     | Noticed Psyche
  8039 | D:11     | Killed Psyche
  8223 | D:11     | Reached **** piety under Trog
  8262 | D:11     | Reached skill level 10 in Fighting
  8729 | Lair:1   | Entered Level 1 of the Lair of Beasts
  8754 | D:11     | Reached XP level 12. HP: 127/127 MP: 11/11
  9081 | Lair:1   | Reached ***** piety under Trog
  9987 | Lair:2   | Found a gate leading to a gauntlet.
 10005 | Gauntlet | Entered a Gauntlet
 10005 | Gauntlet | Found a transporter.
 10008 | Gauntlet | Found a transporter.
 10008 | Gauntlet | Noticed a death yak
 10009 | Gauntlet | Noticed a death yak
 10009 | Gauntlet | Noticed a death yak
 10010 | Gauntlet | Noticed a death yak
 10010 | Gauntlet | Noticed a death yak
 10020 | Gauntlet | Found a transporter.
 10024 | Gauntlet | Found a transporter.
 10030 | Gauntlet | Noticed a balrug
 10036 | Gauntlet | Found a transporter.
 10052 | Gauntlet | Noticed a quicksilver ooze
 10054 | Gauntlet | Found a transporter.
 10067 | Gauntlet | Found a transporter.
 10087 | Gauntlet | Found a transporter.
 10089 | Gauntlet | Found a transporter.
 10089 | Gauntlet | Found the +4 moon troll leather armour {Spirit, Regen++
                  | MP+5}
 10097 | Gauntlet | Found a transporter.
 10143 | Gauntlet | Identified the +0 helmet of the Scuffed God {Fly}
 10230 | Gauntlet | Identified the ring of Xeiketaowk {rC- Will+ rCorr Int+4
                  | SInv}
 10248 | Gauntlet | Identified the +2 falchion "Aleul" {elec, MP+9}
 10248 | Gauntlet | Noticed a minotaur
 10259 | Gauntlet | Killed a minotaur
 11100 | Lair:3   | Reached XP level 13. HP: 140/140 MP: 12/12
 11182 | Lair:3   | Identified the +8 lajatang "Puihy" {antimagic, Will+} (Trog
                  | gifted it to you on level 3 of the Lair of Beasts)
 11182 | Lair:3   | Received a gift from Trog
 11208 | Lair:3   | Found a staircase to the Shoals.
 11506 | Lair:3   | Reached skill level 1 in Evocations
 11538 | Lair:3   | Found a hole to the Spider Nest.
 11946 | D:12     | Found a staircase to the Orcish Mines.
 12671 | Lair:3   | Reached skill level 15 in Unarmed Combat
 13068 | Lair:4   | Received a gift from Trog
 13621 | Lair:4   | You fall into a shaft and drop 1 floor!
 13621 | Lair:5   | Entered Level 5 of the Lair of Beasts
 14141 | Lair:5   | Reached XP level 14. HP: 91/153 MP: 9/13
 14421 | Lair:5   | Found a staircase to the Slime Pits.
 14581 | Lair:5   | Received a gift from Trog
 14667 | Lair:5   | Identified the +1 robe "Iloafuc" {Dex+5}
 16580 | Orc:1    | Entered Level 1 of the Orcish Mines
 16580 | Orc:1    | Found Jiwnajus's Book Shoppe.
 16667 | Orc:1    | Found Doem's General Store.
 16672 | Orc:1    | Found Vewycwust's Armour Shop.
 16676 | Orc:1    | Bought a potion of mutation for 88 gold pieces
 16697 | Orc:1    | Paralysed by an orc sorcerer for 2 turns
 16961 | Orc:1    | Received a gift from Trog
 17036 | Orc:1    | Noticed an orc warlord
 17094 | Orc:1    | Killed an orc warlord
 17280 | Orc:1    | Bought a +2 hat for 160 gold pieces
 17324 | Orc:2    | Entered Level 2 of the Orcish Mines
 17539 | Orc:2    | Found a staircase to the Elven Halls.
 17683 | Orc:1    | Received a gift from Trog
 18090 | Orc:2    | Reached XP level 15. HP: 165/165 MP: 14/14
 18119 | Orc:2    | Found Luwul's General Store.
 18119 | Orc:2    | Found Fomess's Book Shop.
 18121 | Orc:2    | Found Redoelon's General Store.
 18123 | Orc:2    | Found Coanguax's General Store.
 18799 | D:14     | Reached ****** piety under Trog
 18854 | D:14     | Found a snail-covered altar of Cheibriados.
 19086 | Orc:2    | Bought a dragon-blood talisman for 1200 gold pieces
 19086 | Orc:2    | Acquired a manual of Shapeshifting
 19300 | D:14     | Found a sacrificial altar of Ru.
 19323 | D:14     | Reached skill level 10 in Shapeshifting
 19709 | D:14     | Reached skill level 11 in Shapeshifting
 19723 | D:14     | Found a gate to the Vaults.
 19757 | D:14     | Received a gift from Trog
 19892 | D:15     | Entered Level 15 of the Dungeon
 19964 | D:15     | Reached skill level 12 in Shapeshifting
 20157 | D:15     | Reached skill level 13 in Shapeshifting
 20467 | D:15     | Noticed a frost giant
 20692 | Spider:1 | Entered Level 1 of the Spider Nest
 20748 | Spider:1 | Reached skill level 14 in Shapeshifting
 21037 | Spider:1 | Received a gift from Trog
 21147 | Spider:1 | Reached skill level 15 in Shapeshifting
 21265 | Spider:1 | Noticed Roxanne
 21269 | Spider:1 | Killed Roxanne
 21354 | Spider:1 | Noticed Azrael
 21356 | Spider:1 | Reached XP level 16. HP: 174/174 MP: 15/15
 21359 | Spider:1 | Killed Azrael
 21360 | Spider:1 | Noticed Asterion
 21381 | Spider:1 | Killed Asterion
 21825 | Spider:1 | Noticed Josephine
 21829 | Spider:1 | Killed Josephine
 21833 | Spider:1 | Reached skill level 16 in Shapeshifting
 22162 | Spider:2 | Received a gift from Trog
 22925 | Spider:2 | Reached skill level 17 in Shapeshifting
 23096 | Spider:2 | Reached skill level 15 in Fighting
 23761 | Spider:3 | Identified the +2 executioner's axe "Suwum" {flame, rElec
                  | Stlth+} (Trog gifted it to you on level 3 of the Spider
                  | Nest)
 23761 | Spider:3 | Received a gift from Trog
 24269 | Spider:3 | Reached XP level 17. HP: 184/184 MP: 16/16
 24409 | Spider:3 | Received a gift from Trog
 24845 | Spider:4 | Entered Level 4 of the Spider Nest
 25404 | Spider:4 | Got a gossamer rune of Zot
 25428 | Spider:4 | Noticed Mlioglotl
 25439 | Spider:4 | Killed Mlioglotl
 25516 | Spider:4 | Noticed Mara
 25517 | Spider:4 | Noticed Wizard1ke's illusion
 25531 | Spider:4 | Killed Mara
 25539 | Spider:4 | Noticed Donald
 25548 | Spider:4 | Killed Donald
 25714 | Spider:4 | Noticed Arachne
 25728 | Spider:4 | Killed Arachne
 26400 | Shoals:1 | Entered Level 1 of the Shoals
 26761 | Shoals:1 | Found Ucliczadagi's Armour Shop.
 27044 | Shoals:2 | Noticed Polyphemus
 27048 | Shoals:1 | Killed Polyphemus
 27264 | Shoals:2 | Noticed Ilsuiw
 27286 | Shoals:2 | Identified the +5 rapier of the Howling One {heavy, Str+5
                  | SInv} (Trog gifted it to you on level 2 of the Shoals)
 27286 | Shoals:2 | Received a gift from Trog
 27792 | Vaults:1 | Entered Level 1 of the Vaults
 27901 | Vaults:1 | Reached XP level 18. HP: 200/200 MP: 17/17
 28268 | Vaults:1 | Received a gift from Trog
 28276 | Vaults:1 | You are sucked into a shaft and drop 1 floor!
 28734 | Vaults:1 | Noticed Aizul
 28738 | Vaults:1 | Killed Aizul
 29042 | Vaults:2 | Noticed Jory
 29052 | Vaults:1 | Killed Jory
 29281 | Vaults:2 | Received a gift from Trog
 29623 | Vaults:2 | Reached XP level 19. HP: 213/213 MP: 18/18
 29844 | Vaults:2 | Paralysed by a formless jellyfish for 1 turns
 30408 | Vaults:3 | Received a gift from Trog
 30607 | Vaults:3 | Identified the +1 dire flail "Zacwaneo" {flame, rElec rF-
                  | rN++ Str-3}
 31296 | Vaults:3 | Received a gift from Trog
 31580 | Vaults:3 | Found a staircase to the Crypt.
 31580 | Vaults:3 | Found a basalt altar of Yredelemnul.
 31580 | Vaults:3 | Found an ancient bone altar of Kikubaaqudgha.
 31752 | Vaults:3 | Found the +18 shield of the Gong {Loud rN+ Will+ rCorr
                  | EV-5}
 33057 | Vaults:4 | Received a gift from Trog
 33138 | Vaults:4 | Reached XP level 20. HP: 227/227 MP: 19/19
 33524 | Elf:1    | Entered Level 1 of the Elven Halls
 33579 | Elf:1    | Found a crumbling gateway.
 33659 | Desolati | Entered the Desolation of Salt
 33822 | Desolati | Identified the +0 scale mail of Hayph {Dex+2}
 33889 | Desolati | Identified the +3 pair of boots of Cooll {*Slow rF+ Str+2}
 33915 | Desolati | Got the Tome of Inconstant Amathomancy
 33949 | Desolati | Received a gift from Trog
 34113 | Desolati | Identified the +8 whip of Yredelemnul's Approval {freeze,
                  | rElec}
 34132 | Desolati | Got the Tractate on Portals and Frostbite
 34170 | Desolati | Identified the ring "Raun" {rCorr Int+3 Slay+4}
 34183 | Desolati | Identified the ring "Luaxa" {MP+9 Stlth+}
 34188 | Desolati | Got the Treatise on the Singed Plateau
 34190 | Desolati | Got Toonkife's Vademecum on the Atmosphere
 34903 | Elf:1    | Received a gift from Trog
 34990 | Elf:1    | Paralysed by an air elemental for 1 turns
 35042 | Elf:1    | Identified the amulet "Kuviaf" {Faith Fly rF++ rC+}
 35626 | Elf:2    | Received a gift from Trog
 35741 | Elf:2    | Found a runed translucent door.
 35910 | Elf:2    | Found Rukh's Antique Armour Shoppe.
 36051 | Elf:2    | Found a runed translucent door.
 36210 | Elf:3    | Entered Level 3 of the Elven Halls
 36210 | Elf:3    | Found Ponloybb's Antique Weapon Shoppe.
 36214 | Elf:3    | Found Qosext's Book Shop.
 36223 | Elf:3    | Found a flickering gateway to a bazaar.
 36235 | Bazaar   | Entered a bazaar
 36243 | Bazaar   | Found Ablutud's Jewellery Shop.
 36255 | Bazaar   | Found Bulepnel's Book Shop.
 36286 | Bazaar   | Bought the amulet "Lunnyeda" {Faith rF+ rC+ rN+ Slay+5} for
                  | 1465 gold pieces
 36386 | Elf:3    | Found Putimual's Assorted Antiques.
 36393 | Elf:3    | Bought a fizzy golden potion for 29 gold pieces
 36444 | Elf:3    | Found Qayseixe's Weapon Emporium.
 36562 | Elf:3    | Found a shimmering blue altar of Sif Muna.
 36931 | Elf:3    | Reached XP level 21. HP: 237/237 MP: 20/20
 36986 | Elf:3    | Received a gift from Trog
 36989 | Elf:3    | Identified the +3 lajatang "Ejess" {heavy, rPois Str+2
                  | Stlth-}
 37011 | Elf:3    | Found the +8 Vampire's Tooth {megavamp}
 37180 | Elf:3    | Identified the staff "Xiuntaf" {SInv Stlth+ Conj}
 37195 | Elf:3    | Identified the +4 scimitar of Zaunwas {spect, rPois rN+
                  | Str+3}
 37199 | Elf:3    | Identified the +5 long sword of Linearity {freeze, rN+}
 37862 | Shoals:2 | Killed Ilsuiw
 38943 | Shoals:3 | Identified the +8 falchion of Bankruptcy {freeze, Will+
                  | Int+3}
 39194 | Shoals:4 | Entered Level 4 of the Shoals
 39442 | Shoals:4 | Received a gift from Trog
 39496 | Shoals:4 | Got a barnacled rune of Zot
 39927 | Shoals:4 | Identified the +2 plate armour of the Poles {Str+5 Stlth-}
 40115 | Shoals:4 | Identified the staff of Grontol {rPois rF++ Str+2 Stlth-
                  | Conj}
 40948 | D:15     | Received a gift from Trog
 41048 | D:15     | Found a staircase to the Depths.
 41186 | Depths:1 | Entered Level 1 of the Depths
 41202 | Depths:1 | Found a blossoming altar of Fedhas.
 41274 | Depths:1 | Found a gateway to Hell.
 41341 | Depths:1 | Noticed Bai Suzhen
 41801 | Depths:1 | Found a glowing golden altar of the Shining One.
 41801 | Depths:1 | Found a white marble altar of Elyvilon.
 41801 | Depths:1 | Found a glowing silver altar of Zin.
 42045 | Depths:1 | Killed Bai Suzhen
 42301 | Depths:2 | Reached XP level 22. HP: 257/257 MP: 21/21
 42382 | Depths:2 | Received a gift from Trog
 42483 | Depths:2 | Noticed a juggernaut
 42489 | Depths:2 | Killed a juggernaut
 42922 | Depths:2 | Found a one-way gate leading to the halls of Pandemonium.
 43454 | Depths:3 | Received a gift from Trog
 43526 | Depths:3 | Found a one-way gateway to a ziggurat.
 43602 | Depths:3 | Found a one-way gate to the infinite horrors of the Abyss.
 44323 | Depths:3 | Identified the +0 ring mail "Ufath" {Harm Dex+2}
 44497 | Depths:3 | Noticed a caustic shrike
 44504 | Depths:3 | Killed a caustic shrike
 44575 | Depths:3 | Received a gift from Trog
 44582 | Depths:3 | Noticed a caustic shrike
 44586 | Depths:3 | Killed a caustic shrike
 45110 | Depths:4 | Entered Level 4 of the Depths
 45214 | Depths:4 | Noticed a juggernaut
 45218 | Depths:4 | Killed a juggernaut
 45640 | Depths:4 | Found a gate to the Realm of Zot.
 45684 | Depths:4 | Received a gift from Trog
 45814 | Depths:4 | Reached XP level 23. HP: 274/274 MP: 22/22
 46464 | Vaults:5 | Entered Level 5 of the Vaults
 46884 | Vaults:5 | Identified the +3 war axe of Vaserrul {heavy, Fly}
 46884 | Vaults:5 | Identified the ring of Gluttony {Drain rF+ rC+ SInv}
 46889 | Vaults:5 | Received a gift from Trog
 46939 | Vaults:5 | Noticed an ancient lich
 46943 | Vaults:5 | Killed an ancient lich
 46953 | Vaults:5 | Noticed Sojobo
 46965 | Vaults:5 | Killed Sojobo
 47138 | Vaults:5 | Identified the +4 plate armour "Jianompu" {Int+3}
 47150 | Vaults:5 | Noticed a dread lich
 47158 | Vaults:5 | Killed a dread lich
 47158 | Vaults:5 | Received a gift from Trog
 47285 | Vaults:5 | Identified the +8 arbalest of Wisdom {elec, rCorr Int+5
                  | Dex-3}
 47297 | Vaults:5 | Got a silver rune of Zot
 47415 | Vaults:5 | Noticed a dread lich
 47445 | Vaults:5 | Killed a dread lich
 47523 | Vaults:5 | Received a gift from Trog
 47643 | Vaults:5 | Identified the +5 glaive "Roseequr" {antimagic, Dex+4}
 47880 | Vaults:5 | Noticed Frederick
 47896 | Vaults:5 | Killed Frederick
 47933 | Vaults:5 | Reached XP level 24. HP: 284/284 MP: 22/22
 48595 | Vaults:5 | Found Hugann's Jewellery Shoppe.
 49114 | Zot:1    | Entered Level 1 of the Realm of Zot
 49635 | Zot:1    | Reached skill level 18 in Shapeshifting
 49681 | Zot:1    | Received a gift from Trog
 50048 | Zot:2    | Acquired 662 gold pieces
 50082 | Zot:2    | You are sucked into a shaft and drop 2 floors!
 50649 | Zot:2    | Reached skill level 19 in Shapeshifting
 50772 | Zot:2    | Received a gift from Trog
 51543 | Zot:3    | Noticed a Killer Klown
 51610 | Zot:3    | Killed a Killer Klown
 51630 | Zot:3    | Acquired a manual of Shapeshifting
 51659 | Zot:3    | Reached skill level 20 in Shapeshifting
 52318 | Zot:3    | Reached XP level 25. HP: 299/299 MP: 16/22
 52326 | Zot:3    | Reached skill level 21 in Shapeshifting
 52327 | Zot:3    | Received a gift from Trog
 53049 | Zot:4    | Found a transporter.
 53054 | Zot:4    | Noticed a dread lich
 53055 | Zot:4    | Found a transporter.
 53056 | Zot:4    | Noticed Cigeacw's ghost (veteran MiFi)
 53058 | Zot:4    | Noticed an ancient lich
 53326 | Zot:4    | Reached skill level 22 in Shapeshifting
 53695 | Zot:5    | Entered Level 5 of the Realm of Zot
 53699 | Zot:5    | Received a gift from Trog
 54189 | Zot:5    | Noticed an ancient lich
 54195 | Zot:5    | Killed an ancient lich
 54342 | Zot:5    | Noticed an ancient lich
 54346 | Zot:5    | Noticed an orb of fire
 54346 | Zot:5    | Noticed an orb of fire
 54350 | Zot:5    | Killed an ancient lich
 54351 | Zot:5    | Reached skill level 23 in Shapeshifting
 54356 | Zot:5    | Killed an orb of fire
 54359 | Zot:5    | Killed an orb of fire
 54409 | Zot:5    | Noticed an orb of fire
 54416 | Zot:5    | Noticed a Killer Klown
 54416 | Zot:5    | Gained mutation: You are weak. (Str -2) [an orb of fire]
 54416 | Zot:5    | Noticed a dread lich
 54417 | Zot:5    | Gained mutation: You occasionally lose the ability to drink
                  | potions when taking damage. [an orb of fire]
 54424 | Zot:5    | Killed an orb of fire
 54432 | Zot:5    | Killed a dread lich
 54435 | Zot:5    | Killed a Killer Klown
 54437 | Zot:5    | Noticed a Killer Klown
 54438 | Zot:5    | Received a gift from Trog
 54455 | Zot:5    | Killed a Killer Klown
 54549 | Zot:5    | Noticed a dread lich
 54549 | Zot:5    | Noticed an ancient lich
 54549 | Zot:5    | Noticed an ancient lich
 54549 | Zot:5    | Identified the +10 hand axe of Inlos {freeze, rF+++ rCorr
                  | Str+2 Dex-2}
 54559 | Zot:5    | Killed an ancient lich
 54562 | Zot:5    | Killed a dread lich
 54563 | Zot:5    | Reached skill level 24 in Shapeshifting
 54563 | Zot:5    | Killed an ancient lich
 54601 | Zot:5    | Reached XP level 26. HP: 286/309 MP: 11/22
 55258 | Crypt:1  | Entered Level 1 of the Crypt
 55438 | Crypt:1  | Received a gift from Trog
 56215 | Crypt:2  | Noticed Grunn
 56232 | Crypt:2  | Killed Grunn
 56315 | Crypt:2  | Reached skill level 25 in Shapeshifting
 56771 | Crypt:3  | Entered Level 3 of the Crypt
 56776 | Crypt:3  | Received a gift from Trog
 56966 | Crypt:3  | Found a basalt altar of Yredelemnul.
 56981 | Crypt:3  | Received a gift from Trog
 57222 | Crypt:3  | Identified the +10 quarterstaff of Corporal Punishment
                  | {elec, Fragile rCorr Stlth+}
 57265 | Crypt:3  | Identified the +5 spear of the Mouth {heavy, rN+ Dex-4
                  | Stlth+} (Trog gifted it to you on level 3 of the Crypt)
 57265 | Crypt:3  | Received a gift from Trog
 57309 | Crypt:3  | Found a staircase to the Tomb.
 57309 | Crypt:3  | Noticed Khufu
 57314 | Crypt:3  | Killed Khufu
 57547 | Crypt:3  | Reached skill level 26 in Shapeshifting
 57586 | Crypt:3  | Identified the ring "Roiclaf" {Contam rElec rPois rN+
                  | Slay+3}
 58164 | Slime:1  | Entered Level 1 of the Pits of Slime
 58290 | Slime:5  | Entered Level 5 of the Pits of Slime
 58325 | Slime:5  | Gained mutation: You are dopey. (Int -2) [a shining eye]
 58419 | Slime:5  | Noticed the Royal Jelly
 58427 | Slime:5  | Killed the Royal Jelly
 58520 | Slime:5  | Identified the +6 war axe of Ocoplomo {holy, rElec rC- rN+}
 58568 | Slime:5  | Reached XP level 27. HP: 316/318 MP: 22/22
 58633 | Slime:5  | Identified the staff of Yredelemnul's Whim {rC+ Int+3 Ice}
 58635 | Slime:5  | Got a slimy rune of Zot
 58664 | Slime:5  | Identified the +8 chain mail of the Accordion {+Inv Fly rF+
                  | Str-5}
 58713 | Slime:5  | Identified the +9 falchion of the Screaming Gods {heavy,
                  | rC+ Str+5 Stlth+}
 58730 | Slime:5  | Identified the ring "Cuihis" {Will+ rCorr}
 58842 | Slime:5  | Identified the +1 pair of boots of Hide-and-Seek {Str+3}
 58846 | Slime:5  | Identified the +1 great mace "Reotoej" {drain, Int+6}
 59274 | Slime:2  | Received a gift from Trog
 59800 | Slime:3  | Reached skill level 27 in Shapeshifting
 59859 | Lair:5   | Lost mutation: You are weak. (Str -2) [potion of mutation]
 59859 | Lair:5   | Lost mutation: You occasionally lose the ability to drink
                  | potions when taking damage. [potion of mutation]
 59859 | Lair:5   | Gained mutation: You expend magic power (3 MP) to
                  | strengthen your wands. [potion of mutation]
 59859 | Lair:5   | Gained mutation: You have a pair of small horns on your
                  | head. [potion of mutation]
 59860 | Lair:5   | Lost mutation: You expend magic power (3 MP) to strengthen
                  | your wands. [potion of mutation]
 59860 | Lair:5   | Lost mutation: You are dopey. (Int -2) [potion of mutation]
 59860 | Lair:5   | Lost mutation: You have a pair of small horns on your head.
                  | [potion of mutation]
 59860 | Lair:5   | Gained mutation: You have hidden genetic defects. [potion
                  | of mutation]
 59860 | Lair:5   | Gained mutation: You occasionally lose the ability to read
                  | scrolls when taking damage. [potion of mutation]
 59860 | Lair:5   | Gained mutation: Your system is resistant to poisons.
                  | (rPois) [potion of mutation]
 59860 | Lair:5   | Gained mutation: You passively map a small area around you.
                  | [potion of mutation]
 59861 | Lair:5   | Lost mutation: You occasionally lose the ability to read
                  | scrolls when taking damage. [potion of mutation]
 59861 | Lair:5   | Lost mutation: You have hidden genetic defects. [potion of
                  | mutation]
 59861 | Lair:5   | Gained mutation: You are dopey. (Int -2) [potion of
                  | mutation]
 59861 | Lair:5   | Gained mutation: You have hidden genetic potential. [potion
                  | of mutation]
 59862 | Lair:5   | Lost mutation: You are dopey. (Int -2) [potion of mutation]
 59862 | Lair:5   | Lost mutation: You have hidden genetic potential. [potion
                  | of mutation]
 59862 | Lair:5   | Lost mutation: You passively map a small area around you.
                  | [potion of mutation]
 59862 | Lair:5   | Gained mutation: You have sharp toenails. [potion of
                  | mutation]
 59862 | Lair:5   | Gained mutation: Your flesh is cold resistant. (rC+)
                  | [potion of mutation]
 59862 | Lair:5   | Lost mutation: Your flesh is cold resistant. (rC+) [potion
                  | of mutation]
 59862 | Lair:5   | Gained mutation: You passively map a small area around you.
                  | [potion of mutation]
 60352 | Zot:5    | Got the Orb of Zot
 60396 | Zot:5    | Noticed Ziot the pandemonium lord
 60396 | Zot:5    | Noticed an ancient lich
 60399 | Zot:5    | Killed Ziot the pandemonium lord
 60400 | Zot:5    | Killed an ancient lich
 60947 | D:$      | Escaped with the Orb!

Illustrated notes

Levels and vault maps discovered:
D:1:      dpeg_arrival_pits, layout_loops_corners, minivault_26
D:2:      layout_loops_ring, uniq_sigmund
D:3:      layout_loops_ring, lemuel_round_altar,
          grunt_dithmenos_smoke_and_mirrors,
          hellmonk_ecumenical_altar_the_god_not_taken, uniq_robin, uniq_grinder
D:4:      layout_rooms, mainiacjoe_overflow_catwalk,
          mainiacjoe_overflow_cross_hatched, elyvilon_altar_5,
          nicolae_wooded_promenade, uniq_pikel
D:5:      layout_cave_pools, nicolae_yredelemnul_corpse_copse,
          minmay_temple_entry_offerings, lightli_corner_chamber, uniq_duvessa
D:6:      layout_cave_pools, corner_web_ring, amcnicky_mini_pool_small
D:7:      layout_rooms, grunt_gozag_statues
D:8:      layout_cave_pools, grunt_temple_overflow_order_and_chaos_1,
          overflow_temple_1_default
D:9:      layout_basic, okawaru_humans, old_standard_altar, due_unseen_surprise
D:10:     layout_loops_ring, tso_altar, nemelex_xobeh_ov_fountains_minmay,
          serial_shops, shop, uniq_lodul, uniq_sonja
D:11:     layout_roguey, due_lair_maze_entry_diamond, st_stairs_13, uniq_psyche
D:12:     layout_irregular_city, erik_orc_4
D:13:     layout_stronghold, onia_ninara_dug_in_and_dangerous
D:14:     layout_cross, grunt_vaults_entry_tiered,
          nicolae_ru_sacrificial_ziggurat, slow_altar_1
D:15:     grunt_enter_depths_snipers, layout_rooms, chequers_jeans
Temple:   nicolae_temple_two_arcs
Lair:1:   layout_layer_cave, lemuel_fruit_tree
Lair:2:   layout_small_grid, gauntlet_entry_generic, minivault_27,
          serial_bayou_shore_a
Lair:3:   layout_regular_city, minmay_shoals_entry_centaurs,
          spider_nest_entry_a, minivault_25
Lair:4:   layout_small_grid
Lair:5:   hangedman_lair_caniforms_friends, layout_gridlike,
          guppyfry_lair_end_dragon, slime_entry_1,
          chequers_serial_rivers_small_3, nicolae_lair_run_with_the_wolves,
          infiniplex_staircase_pool
Shoals:1: layout_shoals, serial_shops, nicolae_shop_trees
Shoals:2: layout_shoals, uniq_ilsuiw, uniq_polyphemus
Shoals:3: layout_shoals
Shoals:4: shoals_end_grunt_garden, layout_shoals
Spider:1: layout_chambers, special_room [special_room_bee], uniq_josephine,
          uniq_asterion, uniq_azrael, uniq_roxanne
Spider:2: nicolae_spider_hilbert_zone_2 [nicolae_spider_hilbert_4_sides_1_open,
          nicolae_spider_hilbert_4_sides_1_open,
          nicolae_spider_hilbert_4_sides_1_open,
          nicolae_spider_hilbert_4_sides_1_open,
          nicolae_spider_hilbert_6_sides_1_open,
          nicolae_spider_hilbert_6_sides_1_open,
          nicolae_spider_hilbert_3_sides_1_open,
          nicolae_spider_hilbert_3_sides_1_open,
          nicolae_spider_hilbert_3_sides_1_open,
          nicolae_spider_hilbert_3_sides_1_open,
          nicolae_spider_hilbert_6_sides_1_open,
          nicolae_spider_hilbert_6_sides_1_open,
          nicolae_spider_hilbert_6_sides_1_open,
          nicolae_spider_hilbert_6_sides_1_open], hellmonk_test_site
Spider:3: layout_cave_pods
Spider:4: grunt_spider_rune_island, spiders_nest_the_unseen, uniq_arachne,
          uniq_mara, uniq_donald, uniq_mlioglotl
Slime:1:  layout_caves, nicolae_slime_barrier, nicolae_slime_getting_an_eyeful
Slime:2:  layout_caves
Slime:3:  layout_caves
Slime:4:  layout_caves
Slime:5:  slime_pit_nicolae_inversion
Orc:1:    nicolae_orc_accident_1, layout_diamond_mine, serial_shops, shop, shop,
          shop
Orc:2:    st_orc_rangers, layout_caves, bh_open_orc_temple
Elf:1:    layout_loops_corners, portal_desolation_entry_salt, minivault_28
Elf:2:    elven_hall_of_blades_hangedman_original
          [nicolae_blade_entry_splitting_headache], layout_rooms, serial_shops,
          nicolae_shop_temple_entry_statues_fountains
Elf:3:    minmay_elf_hall_statues, layout_geoelf_diagonals, serial_sigils,
          serial_sigils_hangedman_snap, serial_sigils_hangedman_quiver,
          serial_sigils_hangedman_scratch, serial_sigils_hangedman_gnaw,
          serial_sigils_hangedman_etch, serial_shops, bzr_entry_gold,
          shop_statue, shop, nicolae_shop_bloodbath_and_beyond,
          nicolae_shop_real_fake_doors, basic_altar
Vaults:1: v_rooms_3, v_misc_4, nicolae_vaults_sesquioval_fish,
          nicolae_vaults_stairing_the_circle, nicolae_vaults_border_crossing,
          nicolae_vaults_an_arrangement, nicolae_vaults_shelves_hall,
          nicolae_vaults_trapezoid_layered,
          vaults_standard_mumra_enter_the_diamond, vaults_room_hallway,
          ontoclasm_vaults_misaligned, nicolae_vaults_little_squares_1,
          nicolae_vaults_little_squares_3, nicolae_vaults_tetromino_L_1,
          layout_vaults_omnibox, uniq_aizul
Vaults:2: hangedman_vaults_snaps, nicolae_vaults_tetromino_Z_2,
          nicolae_vaults_security_offices_6, ontoclasm_vaults_hangar,
          nicolae_vaults_shrinking_rooms_1, nicolae_vaults_stepped_doors,
          v_pattern_5, hangedman_vaults_nails, v_misc_33,
          nicolae_vaults_cochlea, ontoclasm_vaults_ring_large,
          ontoclasm_vaults_ligature, nicolae_vaults_apartment_1,
          nicolae_vaults_trapezoid_lopsided_1, layout_vaults_maze_bifur,
          uniq_jory
Vaults:3: minmay_crypt_entry_necro_gods, nicolae_vaults_house_3, v_misc_18,
          serial_ice_m, nicolae_vaults_network_s, hellmonk_guarded_unrand_gong,
          nicolae_vaults_cornered_office, layout_vaults_big_cross
Vaults:4: nicolae_vaults_circle_grid_a, nicolae_vaults_frosty_reception,
          nicolae_vaults_house_2, hangedman_vaults_unwind,
          nicolae_vaults_tetromino_L_1, nicolae_vaults_tetromino_T_2,
          vaults_dpeg_hooks, nicolae_vaults_wine_cellar,
          nicolae_vaults_weapon_check, nicolae_vaults_mini_display_case,
          ontoclasm_vaults_decontamination, layout_vaults_omnigrid
Vaults:5: uniq_sojobo, uniq_frederick
Crypt:1:  layout_basic, uniq_josephina
Crypt:2:  layout_chaotic_city, st_stairs_7, uniq_grunn
Crypt:3:  grunt_crypt_end_deaths_head
Depths:1: layout_cave_pools, grunt_mini_vestibule, fedhas_altar_1,
          hangedman_decor_clover_reticule, hallowed_hall,
          infiniplex_staircase_pool_lava, uniq_bai_suzhen
Depths:2: cheibrodos_hall_of_evolution, layout_gridville,
          rand_demon_pan_entry_7, hangedman_geh_valley,
          kennysheep_cross_bottleneck
Depths:3: evilmike_diamond_2, layout_gridlike, enter_ziggurat_f, abyss_entry,
          hell_entry, serial_bayou_pond_e, minmay_fractal_squares_gapless_7,
          grunt_megastairs_4
Depths:4: evilmike_zot_entry_basic, layout_basic, hell_entry, pan_entry,
          grunt_decor_fettered
Zot:1:    layout_twisted_circle
Zot:2:    layout_cathedral_of_symmetry, drop_trap
Zot:3:    layout_gridlike, grunt_megastairs_5
Zot:4:    layout_cathedral_of_symmetry, gammafunk_ghost_abyssal_escape
Zot:5:    layout_basic, lemuel_golem_globe

Skill      XL: |  1  2  3  4  5  6  7  8  9 10 11 12 13 14 15 16 17 18 19 20 21 22 23 24 25 26 27 |
---------------+----------------------------------------------------------------------------------+-----
Fighting       | 2 3 4 5 7 8 10 12 13 14 15 17 18 19 20 22 24 25 26 | 26.2
Unarmed Combat | 3 4 5 7 8 10 12 14 15 17 18 19 21 22 25 26 | 26.3
Shapeshifting  | 4 5 6 8 9 15 17 20 24 26 27 | 27.0
Evocations     | 4 |  4.0
Dodging        | |  1.5

Action                     |  1- 3 |  4- 6 |  7- 9 | 10-12 | 13-15 | 16-18 | 19-21 | 22-24 | 25-27 || total
---------------------------+-------+-------+-------+-------+-------+-------+-------+-------+-------++-------
  Melee: Unarmed           |    93 |    67 |   269 |   457 |  1043 |   756 |   908 |   782 |   645 ||  5020
         Punch             |       |     1 |    16 |     8 |    67 |    83 |   108 |   100 |    92 ||   475
         Maw               |       |       |       |    21 |       |       |       |       |       ||    21
         Constrict         |       |       |       |    55 |    46 |       |       |       |       ||   101
         Tailslap          |       |       |       |       |    10 |   100 |   111 |   133 |     3 ||   357
         Bite              |       |       |       |       |     4 |    73 |    97 |    94 |     1 ||   269
 Invoke: Berserk           |       |       |       |     4 |     6 |    11 |     6 |     8 |     4 ||    39
         Trog's Hand       |       |       |       |     2 |       |     3 |    14 |     6 |     7 ||    32
         Brothers in Arms  |       |       |       |       |       |       |       |    11 |       ||    11
Ability: Begin Untransform |       |       |       |     1 |     1 |       |       |       |       ||     2
         Blinkbolt         |       |       |       |       |       |       |       |       |     9 ||     9
  Evoke: Wand              |       |       |       |     6 |     1 |    19 |     2 |     3 |       ||    31
         Lightning rod     |       |       |       |       |     4 |       |       |       |       ||     4
         Phial of floods   |       |       |       |       |       |       |       |     1 |       ||     1
         Phantom mirror    |       |       |       |       |       |       |       |       |     1 ||     1
    Use: Scroll            |       |       |     6 |       |     5 |    12 |     9 |     6 |     2 ||    40
         Potion            |       |       |     1 |     2 |     2 |     5 |       |     1 |     5 ||    16
   Stab: Sleeping          |       |       |       |       |     1 |       |       |       |       ||     1
         Distracted        |       |       |       |       |       |       |       |       |     1 ||     1
 Armour: Animal skin       |    43 |    18 |    48 |       |       |       |       |       |       ||   109
         Robe              |       |       |    27 |    19 |       |       |       |       |       ||    46
         Skin              |       |       |       |    86 |   133 |   429 |   253 |   253 |    62 ||  1216
         Troll leather arm |       |       |       |       |   246 |       |       |       |       ||   246
  Dodge: Dodged            |    34 |    32 |   145 |   157 |   576 |   231 |   159 |   140 |   445 ||  1919
         Repelled          |       |       |       |       |     9 |       |       |       |       ||     9
   Form: Maw               |       |       |       |     1 |       |       |       |       |       ||     1
         Anaconda          |       |       |       |     2 |       |       |       |       |       ||     2
         Blade             |       |       |       |       |     2 |       |       |       |       ||     2
         Dragon            |       |       |       |       |     1 |       |       |       |       ||     1
         Storm             |       |       |       |       |       |       |       |       |     1 ||     1

Table legend: (Time is in decaauts)
 A = Elapsed time spent in this place.
 B = Non-inter-level travel time spent in this place.
 C = Inter-level travel time spent in this place.
 D = Time resting spent in this place.
 E = Time spent auto-exploring this place.
 F = Levels seen in this place.
 G = Mean time per level.
                   A        B        C        D        E       F      G
               +--------+--------+--------+--------+--------+-----+--------+
         Total |  59719 |  53096 |   6623 |   6505 |  32842 |  59 | 1012.2 |
       Dungeon |  13694 |  11244 |   2450 |    438 |   7822 |  15 |  912.9 |
        Temple |    133 |    133 |      0 |      0 |     91 |   1 |  133.0 |
          Lair |   6065 |   4971 |   1094 |    190 |   3637 |   5 | 1213.0 |
        Shoals |   4151 |   3828 |    323 |    587 |   2528 |   4 | 1037.8 |
   Spider Nest |   5575 |   5320 |    255 |    784 |   3186 |   4 | 1393.8 |
    Slime Pits |   1661 |   1479 |    182 |    106 |   1075 |   5 |  332.2 |
  Orcish Mines |   2219 |   1968 |    251 |    424 |    886 |   2 | 1109.5 |
   Elven Halls |   3018 |   2928 |     90 |    443 |   1769 |   3 | 1006.0 |
        Vaults |   8119 |   7282 |    837 |   1209 |   3928 |   5 | 1623.8 |
         Crypt |   2434 |   2359 |     75 |    213 |   1614 |   3 |  811.3 |
        Depths |   5324 |   4772 |    552 |    780 |   2935 |   4 | 1331.0 |
           Zot |   6109 |   5599 |    510 |   1213 |   3196 |   5 | 1221.8 |
        Bazaar |     73 |     73 |      0 |      0 |     35 |   1 |   73.0 |
    Desolation |    823 |    823 |      0 |     60 |    109 |   1 |  823.0 |
      Gauntlet |    315 |    315 |      0 |     53 |     30 |   1 |  315.0 |
               +--------+--------+--------+--------+--------+-----+--------+

Top non-repeatable levels by time:
Vaults:5: 2268 daAuts
Depths:3: 1916 daAuts
Vaults:3: 1713 daAuts
Spider:3: 1582 daAuts
    D:13: 1575 daAuts
Spider:1: 1482 daAuts
Vaults:4: 1477 daAuts
Spider:2: 1455 daAuts
  Lair:1: 1429 daAuts
Vaults:1: 1421 daAuts
   Zot:3: 1387 daAuts
  Lair:5: 1372 daAuts
   Orc:1: 1319 daAuts
   Zot:5: 1288 daAuts
Shoals:3: 1263 daAuts
